 Dungeon Crawl Stone Soup version 0.19.0-2-gae57169 (webtiles) character file.

83873 jacquesderrida the Black Belt (level 15, -2/85 HPs)
             Began as a Vine Stalker Wanderer on Nov 5, 2016.
             Was the Champion of Okawaru.
             Slain by a salamander
             ... wielding a +0 trident
              (4 damage)
             ... on level 3 of the Snake Pit.
             The game lasted 01:13:59 (11080 turns).

jacquesderrida the Black Belt (VSWn)               Turns: 11080, Time: 01:14:00

Health: -2/85      AC: 37    Str: 16    XL:     15   Next: 78%
Magic:  0/20       EV: 12    Int: 11    God:    Okawaru [******]
Gold:   1200       SH:  0    Dex: 20    Spells: 1 memorised, 12 levels left

rFire  . . .     SeeInvis .       - Unarmed
rCold  . . .     Gourm    .     Q - +10 chain mail "Veupn" {MR+++}
rNeg   . . .     Faith    .     (no shield)
rPois  +         Spirit   +     i - +0 helmet
rElec  .         Reflect  .     W - +2 cloak
rCorr  .         Harm     .     K - +2 pair of gloves
MR     +++++                    w - +0 pair of boots
Stlth  +.........               (no amulet)
                                o - +3 ring of protection
                                l - ring of the Six Beds {+Fly rPois MR+}

@: lethally poisoned (-2 -> -2), heroism, constricted
A: fangs 3, regeneration 2, magic shield, antimagic bite, no device heal 3, rot
immunity
a: Heroism, Finesse, Renounce Religion, Evoke Flight


You were on level 3 of the Snake Pit.
You worshipped Okawaru.
Okawaru was exalted by your worship.
You were very hungry.

You visited 6 branches of the dungeon, and saw 30 of its levels.
You visited 1 bazaar.
You also visited: Sewer, Ossuary, Bailey, Ice Cave and Wizlab.

You collected 1880 gold pieces.
You spent 680 gold pieces at shops.

Inventory:

Armour
 i - a +0 helmet (worn)
 j - a +0 pair of gloves of strength
 w - a +0 pair of boots (worn)
 C - the +1 leather armour "Banaupn" {rC+ rCorr Stlth-}
   (You found it on level 7 of the Dungeon)

   It protects you from cold.
   It protects you from acid and corrosion.
   It makes you less stealthy.
 J - the +0 chain mail "Fokhlischu" {Regen+ MP+9 Dex+3 Stlth+}
   (You bought it in a shop in a bazaar)

   It affects your dexterity (+3).
   It affects your magic capacity (+9).
   It increases your rate of regeneration.
   It makes you more stealthy.
 K - a +2 pair of gloves (worn)
 O - +0 ice dragon scales
 Q - the +10 chain mail "Veupn" (worn) {MR+++}
   (You found it on level 6 of the Lair of Beasts)

   It affects your resistance to hostile enchantments.
 W - a +2 cloak (worn)
Jewellery
 l - the ring of the Six Beds (left hand) {+Fly rPois MR+}
   (You found it on level 1 of the Lair of Beasts)

   [ring of protection from magic]

   It protects you from poison.
   It affects your resistance to hostile enchantments.
   It lets you fly.
 o - a +3 ring of protection (right hand)
 G - an uncursed ring of protection from cold
 T - an uncursed ring of protection from magic
Wands
 c - a wand of random effects (0/48)
 e - a wand of disintegration (9/24)
 h - a wand of iceblast (1/15)
 k - a wand of flame (36/48)
 p - a wand of flame (19/48)
 t - a wand of confusion (24/48)
 D - a wand of disintegration (13/24)
 N - a wand of iceblast (7/15)
 U - a wand of slowing (19/48)
Scrolls
 g - 4 scrolls of identify
 s - 6 scrolls of teleportation
 v - a scroll of immolation
 y - 2 scrolls of fear
 I - 2 scrolls of fog
 P - 2 scrolls of remove curse
 R - a scroll of enchant armour
Potions
 a - a potion of resistance
 b - 14 potions of curing
 m - 4 potions of heal wounds
 n - 4 potions of brilliance
 q - 2 potions of lignification
 r - a potion of invisibility
 u - a potion of ambrosia
 B - 4 potions of agility
 E - 2 potions of mutation
 F - 2 potions of haste
 H - a potion of might
 S - a potion of magic
Books
 L - a book of Conjurations

   Spells                             Type                      Level
   a - Magic Dart                     Conjuration                  1
   b - Searing Ray                    Conjuration                  2
   c - Dazzling Spray                 Conjuration/Hexes            3
   d - Fulminant Prism                Conjuration/Hexes            4
   e - Iskenderun's Mystic Blast      Conjuration                  4
   f - Iskenderun's Battlesphere      Conjuration/Charms           5
Miscellaneous
 d - a disc of storms
 x - a phantom mirror
Comestibles
 f - 9 bread rations
 z - 11 meat rations
 A - 23 fruits


   Skills:
 + Level 12.8(17.8) Fighting
   Level 3.6(8.6) Bows
 + Level 10.4(15.4) Armour
 + Level 7.5(12.5) Dodging
 - Level 1.2(6.2) Stealth
   Level 1.0(6.0) Shields
 + Level 16.8(21.8) Unarmed Combat
 - Level 5.7 Invocations
 - Level 1.0 Evocations


You had 12 spell levels left.
You knew the following spells:

 Your Spells              Type           Power        Failure   Level  Hunger
a - Blink                 Tloc           N/A          100%        2    ###....


Dungeon Overview and Level Annotations

Branches:
Dungeon (15/15)            Temple (1/1) D:5            Lair (6/6) D:11
 Shoals (0/4) Lair:2        Snake (3/4) Lair:3        Slime (0/5) Lair:5
    Orc (2/2) D:11            Elf (3/3) Orc:2        Vaults (0/5) D:14
 Depths: D:15

Altars:
Ashenzari
Cheibriados
Fedhas
Gozag
Hepliaklqana
Kikubaaqudgha
Makhleb
Okawaru
Qazlal
Ru
Sif Muna
Trog
Uskayaw
Vehumet
Xom
Yredelemnul
Zin
The Shining One
Jiyva

Shops:
Orc:2 [![(

Annotations:
D:15 Rupert
Snake:2 Vashnia


Innate Abilities, Weirdness & Mutations

You have razor-sharp teeth.
You heal very quickly.
When hurt, damage is shared between your health and your magic reserves.
Your bite disrupts and absorbs the magic of your enemies.
Potions and wands cannot restore your health.
You are immune to rotting.


Message History

The naga constricts you.
You pummel the naga!! Your bite misses the naga.
The naga is almost dead.
You escape the naga's grasp.
You feel sick. The salamander hits you with a trident.
* * * LOW HITPOINT WARNING * * *
You are engulfed in flames!
* * * LOW HITPOINT WARNING * * *
The naga barely misses you. The naga grabs you. The naga constricts you.
Things that are here:
a spear; a robe; a shock serpent corpse Unknown command.
You don't have enough magic at the moment.
You punch the salamander! You bite the salamander. You drain its power.
You feel invigorated.
The salamander is moderately wounded.
You feel sick. The salamander hits you with a trident!
* * * LOW HITPOINT WARNING * * *
You are engulfed in flames!
You die...

# .. ... ..#
### ...#
##.####....#
#...<@N...#
#..###N....#
#..$.
###......
.......
#....(
..#....
##... .
####. .# ..
# ..


You could see a salamander and a naga.

Vanquished Creatures
  The ghost of Gravenous the Martial Artist, a journeyman DsTm of Cheibriados (Orc:2)
  A deep elf annihilator (Elf:1)
  An ettin (D:14)
  The ghost of Chiseanne the Nimble, a journeyman HEAr of Nemelex Xobeh (Orc:2)
  5 hydras
  2 ice dragons (IceCv)
  A catoblepas (Lair:6)
  A hydra (shapeshifter) (D:14)
  3 anacondas
  A centaur warrior (D:14)
  A deep troll shaman (Lair:6)
  6 dancing weapons
  An orc high priest (Orc:1)
  6 death yaks (Lair:6)
  Urug (D:11)
  A shock serpent (Snake:3)
  3 deep elf knights
  The ghost of no0bjke the Cleaver, a novice MiFi (Bailey)
  An unseen horror (D:13)
  4 sea snakes (Snake:2)
  The ghost of ReniFell the Grappler, a novice VSFi of Makhleb (Bailey)
  2 hill giants (D:14)
  3 deep elf archers
  2 lindwurms (Lair:6)
  20 ugly things
  Pikel (D:5)
  3 orc knights
  16 deep elf magi
  A salamander (Snake:1)
  A manticore (Lair:6)
  2 slime creatures (D:14)
  2 cyclopes
  5 elephants
  Maurice (D:11)
  7 black mambas
  A guardian serpent (Snake:2)
  4 naga magi
  The ghost of Raws the Shield-Bearer, a novice DsFi of Qazlal (D:5)
  2 kobold demonologists (Bailey)
  2 rime drakes (IceCv)
  10 spiny frogs
  2 komodo dragons (Lair:2)
  A troll (Orc:2)
  A hornet (D:11)
  A hippogriff (Lair:5)
  A blink frog (shapeshifter) (Elf:1)
  5 blink frogs (Lair:5)
  4 dream sheep (Lair:6)
  A water elemental (Elf:1)
  An air elemental (Elf:1)
  2 wyverns
  24 yaks
  A shadow (D:11)
  A vampire (D:13)
  3 wraiths
  2 hungry ghosts
  3 basilisks (Lair:5)
  A steam dragon (Lair:3)
  5 nagas
  A swamp worm (shapeshifter) (D:14)
  3 soldier ants
  8 water moccasins
  3 porcupines
  2 sky beasts (D:14)
  15 ice beasts
  40 orc warriors
  2 eyes of draining
  2 necrophages
  Purgy (Sewer)
  A black bear (Lair:2)
  4 ogres
  15 wolves
  6 crocodiles
  12 centaurs
  3 big kobolds
  3 elf zombies (Ossuary)
  16 bullfrogs
  A wyvern zombie (D:13)
  2 earth elementals (Elf:1)
  6 scorpions
  A killer bee (D:12)
  6 electric eels
  A howler monkey (D:8)
  5 crimson imps
  3 small abominations (WizLab)
  3 bullfrog zombies
  3 centaur zombies
  2 quasits
  5 centaur skeletons
  6 hounds
  A jelly (D:7)
  16 orc priests
  A human zombie (Ossuary)
  16 orc wizards
  4 iguanas
  11 worker ants
  2 killer bee zombies
  A hound zombie (D:9)
  2 hound skeletons
  4 mummies (Ossuary)
  A howler monkey zombie (D:7)
  8 gnolls
  A howler monkey skeleton (D:7)
  18 adders
  2 river rats (D:6)
  2 shadow imps
  An ooze (D:7)
  An adder zombie (D:8)
  2 worms
  3 dart slugs
  2 leopard geckos (D:3)
  63 orcs
  6 giant cockroaches
  12 goblins
  12 hobgoblins
  3 ball pythons
  9 bats
  2 frilled lizards
  2 gnoll zombies (Ossuary)
  2 hobgoblin zombies (Ossuary)
  A jackal zombie (Ossuary)
  11 kobolds
  A quokka skeleton (D:5)
  8 rats
600 creatures vanquished.

Vanquished Creatures (collateral kills)
  A frilled lizard (D:2)
1 creature vanquished.

Vanquished Creatures (others)
  A deep elf knight (Elf:2)
  An orc (Bailey)
  A goblin zombie (Ossuary)
  A jackal zombie (D:5)
  An orc zombie (Ossuary)
  2 plants (Lair:6)
7 creatures vanquished.

Grand Total: 608 creatures vanquished

Notes
Turn   | Place    | Note
-------+----------+-------------------------------------------
     0 | D:1      | jacquesderrida the Vine Stalker Wanderer began the quest for the Orb.
     0 | D:1      | jacquesderrida set off with: a +2 scale mail, a potion of curing, a wand of random effects (15/48), a +0 dagger, a bread ration
     0 | D:1      | Reached XP level 1. HP: 10/10 MP: 2/2
    30 | D:1      | Reached skill level 1 in Unarmed Combat
    41 | D:1      | Reached XP level 2. HP: 5/14 MP: 3/3
   266 | D:2      | Reached skill level 2 in Unarmed Combat
   322 | D:2      | Found a burning altar of Makhleb.
   400 | D:2      | Reached XP level 3. HP: 5/18 MP: 4/4
   717 | D:3      | Gained mutation: Your natural rate of healing is unusually fast. [Vine Stalker growth]
   717 | D:3      | Reached XP level 4. HP: 23/23 MP: 5/5
   880 | D:3      | Reached skill level 3 in Unarmed Combat
  1121 | D:4      | Got a warped plate armour
  1136 | D:4      | Identified the cursed +0 plate armour of the Unseen Realm {*Slow rElec MR+ Str+2} (You found it on level 4 of the Dungeon)
  1209 | D:4      | Reached XP level 5. HP: 23/27 MP: 6/6
  1245 | D:4      | Found a sand-covered staircase.
  1248 | Ossuary  | Entered an ossuary
  1303 | Ossuary  | Reached skill level 4 in Unarmed Combat
  1308 | Ossuary  | Reached XP level 6. HP: 26/32 MP: 7/7
  1326 | Ossuary  | Reached skill level 5 in Unarmed Combat
  1547 | D:5      | Entered Level 5 of the Dungeon
  1547 | D:5      | Noticed a slave
  1547 | D:5      | Noticed a slave
  1549 | D:5      | Noticed Pikel
  1549 | D:5      | Noticed a slave
  1551 | D:5      | Noticed a slave
  1586 | D:4      | Reached XP level 7. HP: 36/36 MP: 8/8
  1742 | D:5      | Killed Pikel
  1742 | D:5      | Reached skill level 7 in Unarmed Combat
  1742 | D:5      | Gained mutation: You have razor-sharp teeth. [Vine Stalker growth]
  1742 | D:5      | Reached XP level 8. HP: 40/42 MP: 9/9
  1777 | D:5      | Noticed Raws's ghost (novice DsFi)
  1787 | D:5      | Killed Raws's ghost
  1787 | D:5      | Reached skill level 5 in Fighting
  1787 | D:5      | Reached skill level 8 in Unarmed Combat
  1789 | D:5      | Found a staircase to the Ecumenical Temple.
  1869 | Temple   | Entered the Ecumenical Temple
  1920 | Temple   | Became a worshipper of Warmaster Okawaru
  2109 | D:6      | Found a bloodstained altar of Trog.
  2212 | D:6      | Reached skill level 9 in Unarmed Combat
  2264 | D:6      | Reached XP level 9. HP: 47/47 MP: 10/10
  2279 | D:6      | Found a glowing drain.
  2290 | Sewer    | Entered a sewer
  2348 | Sewer    | PIZDA EBANAYA
  2375 | Sewer    | Noticed Purgy
  2386 | Sewer    | Killed Purgy
  2574 | D:7      | Reached * piety under Okawaru
  2663 | D:7      | Got a bronze leather armour
  2675 | D:7      | Identified the +1 leather armour "Banaupn" {rC+ rCorr Stlth-} (You found it on level 7 of the Dungeon)
  2929 | D:7      | Reached skill level 10 in Unarmed Combat
  3251 | D:8      | Found a hazy altar of Hepliaklqana.
  3434 | D:9      | Reached ** piety under Okawaru
  3458 | D:9      | Found a flagged portal.
  3470 | D:9      | Reached skill level 1 in Invocations
  3493 | Bailey   | Entered a bailey
  3505 | Bailey   | Noticed no0bjke's ghost (novice MiFi)
  3507 | Bailey   | Noticed an orc knight
  3513 | Bailey   | Found an iron altar of Okawaru.
  3513 | Bailey   | Noticed a kobold demonologist
  3513 | Bailey   | Noticed a kobold demonologist
  3523 | Bailey   | Killed a kobold demonologist
  3523 | Bailey   | Reached skill level 11 in Unarmed Combat
  3523 | Bailey   | Reached XP level 10. HP: 48/53 MP: 7/12
  3528 | Bailey   | Killed a kobold demonologist
  3641 | Bailey   | HP: 2/55 [electric eel/bolt of electricity (4)]
  3730 | Bailey   | Noticed an orc knight
  3748 | Bailey   | Killed an orc knight
  3748 | Bailey   | Reached *** piety under Okawaru
  3757 | Bailey   | Killed an orc knight
  3796 | Bailey   | Noticed ReniFell's ghost (novice VSFi)
  3807 | Bailey   | Killed ReniFell's ghost
  3848 | Bailey   | Killed no0bjke's ghost
  3848 | Bailey   | Reached **** piety under Okawaru
  3890 | Bailey   | Got an ichor-stained leather armour
  3934 | D:9      | Found a stormy altar of Qazlal.
  3962 | D:9      | Reached skill level 12 in Unarmed Combat
  3980 | D:9      | Found a shattered altar of Ashenzari.
  3980 | D:9      | Found a snail-covered altar of Cheibriados.
  3982 | D:9      | Found a glowing silver altar of Zin.
  4043 | D:9      | Reached XP level 11. HP: 60/60 MP: 4/15
  4048 | D:10     | Entered Level 10 of the Dungeon
  4230 | D:11     | Noticed Maurice
  4232 | D:11     | Noticed Urug
  4258 | D:11     | Killed Urug
  4258 | D:11     | Reached ***** piety under Okawaru
  4337 | D:12     | Identified the +3 leather armour of the Trilobite {rElec rN++ MR- rCorr} (You took it off a goblin in a bailey)
  4368 | D:12     | Reached skill level 5 in Invocations
  4617 | D:12     | Found a flickering gateway to a bazaar.
  4635 | D:12     | Learned a level 2 spell: Blink
  4677 | Bazaar   | Entered a bazaar
  4677 | Bazaar   | Found Liyf's Antique Weapon Boutique.
  4689 | Bazaar   | Found Lefysmaiju's Distillery.
  4697 | Bazaar   | Found Utiaquej's Antique Armour Shoppe.
  4708 | Bazaar   | Found Yrchuhi's Jewellery Boutique.
  4719 | Bazaar   | Found Jyumyqadgh's General Store.
  4759 | Bazaar   | Bought a faintly glowing chain mail for 266 gold pieces
  4759 | Bazaar   | Bought a pair of glowing gloves for 294 gold pieces
  4780 | Bazaar   | Identified the cursed +0 chain mail "Fokhlischu" {Regen+ MP+9 Dex+3 Stlth+} (You bought it in a shop in a bazaar)
  4856 | D:11     | Noticed a cyclops
  4858 | D:11     | Killed Maurice
  4858 | D:11     | Reached skill level 5 in Armour
  4873 | D:11     | Killed a cyclops
  5294 | D:11     | Found a staircase to the Lair.
  5301 | D:11     | LEIRRRRR
  5303 | Lair:1   | Entered Level 1 of the Lair of Beasts
  5419 | Lair:1   | Got an ancient jade ring
  5421 | Lair:1   | Identified the ring of the Six Beds {+Fly rPois MR+} (You found it on level 1 of the Lair of Beasts)
  5453 | Lair:2   | Found a staircase to the Shoals.
  5460 | Lair:2   | FUGGGGGGGGG
  5500 | Lair:2   | Reached skill level 13 in Unarmed Combat
  5712 | Lair:2   | Received a gift from Okawaru
  5716 | Lair:2   | Gained mutation: You heal very quickly. [Vine Stalker growth]
  5716 | Lair:2   | Reached XP level 12. HP: 65/65 MP: 17/17
  5810 | Lair:2   | Noticed a four-headed hydra
  5856 | Lair:2   | FUGGGGGGGG
  5862 | Lair:2   | Noticed a seven-headed hydra
  5877 | Lair:2   | Killed a seven-headed hydra
  5877 | Lair:2   | Received a gift from Okawaru
  5901 | Lair:2   | Noticed an eight-headed hydra
  5911 | Lair:2   | Killed an eight-headed hydra
  5922 | Lair:2   | WHERE STAIRS FUCKKKKKKKK
  5948 | Lair:2   | Killed a four-headed hydra
  5952 | Lair:2   | Y O L O
  6072 | Lair:3   | Reached skill level 14 in Unarmed Combat
  6115 | Lair:3   | REEEEEEEEEEEEE
  6173 | Lair:3   | Found a staircase to the Snake Pit.
  6203 | Lair:4   | FUGGGGGGGGGGGGGGG
  6393 | Lair:4   | Found a frozen archway.
  6410 | IceCv    | Entered an ice cave
  6427 | IceCv    | Received a gift from Okawaru
  6457 | IceCv    | Reached ****** piety under Okawaru
  6655 | IceCv    | Noticed an ice dragon
  6655 | IceCv    | Noticed an ice dragon
  6672 | IceCv    | Killed an ice dragon
  6675 | IceCv    | Killed an ice dragon
  6675 | IceCv    | Reached skill level 10 in Fighting
  6722 | IceCv    | Got a transparent pewter amulet
  6735 | IceCv    | Identified the amulet "Muxicsi" {Harm *Drain rC+} (You found it in an ice cave)
  6937 | Lair:5   | Reached XP level 13. HP: 62/72 MP: 18/18
  6992 | Lair:5   | Received a gift from Okawaru
  7147 | Lair:5   | Found a viscous altar of Jiyva.
  7147 | Lair:5   | Found a staircase to the Slime Pits.
  7193 | Lair:5   | Received a gift from Okawaru
  7234 | Lair:6   | Entered Level 6 of the Lair of Beasts
  7241 | Lair:6   | Reached skill level 15 in Unarmed Combat
  7709 | Lair:6   | Got a steaming chain mail
  7717 | Lair:6   | Identified the +10 chain mail "Veupn" {MR+++} (You found it on level 6 of the Lair of Beasts)
  7740 | Lair:6   | Received a gift from Okawaru
  7927 | D:11     | Found a staircase to the Orcish Mines.
  7949 | Orc:1    | Entered Level 1 of the Orcish Mines
  7973 | Orc:1    | Reached XP level 14. HP: 73/79 MP: 19/19
  8000 | Orc:2    | Entered Level 2 of the Orcish Mines
  8120 | Orc:2    | Found a staircase to the Elven Halls.
  8129 | Elf:1    | Entered Level 1 of the Elven Halls
  8258 | Elf:2    | Found a magical portal.
  8267 | Elf:3    | Entered Level 3 of the Elven Halls
  8279 | Elf:3    | Noticed a deep elf annihilator
  8323 | WizLab   | Entered Cigotuvi's Fleshworks
  8325 | WizLab   | Noticed a brown very ugly thing
  8483 | Orc:2    | Reached skill level 5 in Dodging
  8537 | Orc:2    | Found Vooxayl's Armour Emporium.
  8537 | Orc:2    | Found Vibaleh's Distillery.
  8539 | Orc:2    | Found Ticih's Armour Shop.
  8541 | Orc:2    | Found Xeulix's Weapon Shoppe.
  8615 | Orc:2    | Bought a potion of agility for 60 gold pieces
  8615 | Orc:2    | Bought a potion of agility for 60 gold pieces
  8643 | Elf:1    | Noticed a deep elf annihilator
  8655 | Elf:1    | Killed a deep elf annihilator
  8655 | Elf:1    | Received a gift from Okawaru
  8672 | Elf:1    | Reached skill level 16 in Unarmed Combat
  8925 | Elf:2    | Received a gift from Okawaru
  8928 | Elf:2    | Got a scorched arbalest {god gift}
  8929 | Elf:2    | Identified the +4 arbalest "Gotz" {velocity, Dex+4} (Okawaru gifted it to you on level 2 of the Elven Halls)
  9146 | Orc:2    | Noticed Gravenous's ghost (journeyman DsTm)
  9178 | Orc:2    | Killed Gravenous's ghost
  9211 | Orc:2    | Noticed Chiseanne's ghost (journeyman HEAr)
  9240 | Orc:2    | Killed Chiseanne's ghost
  9617 | D:13     | Reached XP level 15. HP: 81/84 MP: 20/20
 10025 | D:14     | Received a gift from Okawaru
 10135 | D:14     | Reached skill level 10 in Armour
 10259 | D:14     | Found a gate to the Vaults.
 10518 | D:15     | Entered Level 15 of the Dungeon
 10518 | D:15     | Noticed Rupert
 10748 | Snake:1  | Entered Level 1 of the Snake Pit
 10993 | Snake:2  | Noticed Vashnia
 11008 | Snake:2  | Received a gift from Okawaru
 11080 | Snake:3  | HP: 2/85 [salamander/trident (3)]
 11080 | Snake:3  | Slain by a salamander

Skill      XL: |  1  2  3  4  5  6  7  8  9 10 11 12 13 14 15 |
---------------+----------------------------------------------+-----
Unarmed Combat | 1 2 3 4 5 7 9 11 12 13 14 15 16 | 16.8
Fighting       | 2 3 4 5 6 7 8 10 11 12 | 12.8
Armour         | 2 4 5 7 8 9 10 | 10.4
Invocations    | 1 4 5 |  5.7
Dodging        | 4 6 7 |  7.5
Bows           | |  3.6
Stealth        | |  1.2
Shields        | |  1.0
Evocations     | |  1.0

Action                   |  1- 3 |  4- 6 |  7- 9 | 10-12 | 13-15 || total
-------------------------+-------+-------+-------+-------+-------++-------
Melee: Dagger            |   120 |   188 |   101 |       |       ||   409
       Bite              |    36 |    64 |   154 |   213 |   447 ||   914
       Punch             |     1 |     2 |    10 |    49 |    99 ||   161
       Whip              |       |       |   215 |       |       ||   215
       Unarmed           |       |       |    84 |   586 |  1142 ||  1812
       Eveningstar       |       |       |    14 |       |       ||    14
 Cast: Blink             |       |       |       |     5 |       ||     5
Invok: Heroism           |       |       |     2 |    19 |    35 ||    56
       Finesse           |       |       |       |     1 |     2 ||     3
 Abil: Evoke Flight      |       |       |       |     1 |       ||     1
Evoke: Wand              |    15 |    13 |       |     5 |     2 ||    35
  Use: Scroll            |       |     8 |     9 |    12 |    11 ||    40
       Potion            |       |     1 |     1 |     7 |     2 ||    11
 Stab: Held in net/web   |       |       |     1 |       |       ||     1
       Sleeping          |       |       |       |     2 |       ||     2
  Eat: Chunk             |       |     1 |     9 |     7 |     7 ||    24
       Fruit             |       |       |       |     8 |     1 ||     9
       Royal jelly       |       |       |       |     1 |     1 ||     2
       Beef jerky        |       |       |       |       |     2 ||     2
       Pizza             |       |       |       |       |     1 ||     1
Armor: Scale mail        |    74 |    34 |       |       |       ||   108
       Plate armour      |       |    87 |   297 |       |       ||   384
       Ring mail         |       |       |    15 |    39 |       ||    54
       Chain mail        |       |       |    14 |   216 |   650 ||   880
       Skin              |       |       |       |    37 |       ||    37
Dodge: Dodged            |    60 |    44 |   100 |   219 |   504 ||   927
